 Dungeon Crawl Stone Soup version 0.28.0-43-g3370ac3207 (webtiles) character file.

Game seed: 8105022584841377910

106 gzilladon the Chopper (level 4, -2/41 HPs)
             Began as a Hill Orc Monk on Mar 30, 2022.
             Killed by nerve-wracking pain
             ... invoked by Jessica
              (6 damage)
             ... on level 2 of the Dungeon.
             The game lasted 00:07:02 (2101 turns).

gzilladon the Chopper (Hill Orc Monk)               Turns: 2101, Time: 00:07:02

Health: -2/41      AC:  6    Str: 15    XL:     4   Next: 84%
Magic:  4/4        EV: 10    Int: 10    God:
Gold:   61         SH:  0    Dex: 13    Spells: 3/3 levels left

rFire   . . .      SeeInvis .   f - +0 hand axe (vorpal)
rCold   . . .      Faith    .   (no shield)
rNeg    . . .      Spirit   .   j - +0 scale mail
rPois   .          Reflect  .   (no helmet)
rElec   .          Harm     .   (no cloak)
rCorr   .          Rampage  .   (no gloves)
Will    .....                   (no boots)
Stlth   ..........              (no amulet)
HPRegen 0.13/turn               (no ring)
MPRegen 0.09/turn               (no ring)

@: no status effects
A: no striking features
a: no special abilities


You were on level 2 of the Dungeon.
You visited 1 branch of the dungeon, and saw 2 of its levels.

You collected 61 gold pieces.

Inventory:

Hand Weapons
 a - a +0 hand axe
 f - a +0 vorpal hand axe (weapon)
Missiles
 h - 87 stones (quivered)
Armour
 b - a +0 robe
 j - a +0 scale mail (worn)
Scrolls
 e - 2 scrolls of enchant weapon {unknown}
 g - a scroll of teleportation {unknown}
 i - a scroll of noise {unknown}
 m - a scroll of identify {unknown}
Potions
 k - a potion of degeneration {unknown}
 l - a potion of flight {unknown}


   Skills:
 + Level 4.5 Fighting
 * Level 5.9 Axes
 + Level 0.7 Armour
 + Level 2.8 Dodging
 - Level 1.5 Stealth


You had 3 spell levels left.
You didn't know any spells.
Your spell library contained the following spells:

 Spells                   Type           Power      Damage    Failure   Level
 Corpse Rot               Necr/Air       0%         N/A       93%         2
 Poisonous Vapours        Pois/Air       0%         N/A       93%         2


Dungeon Overview and Level Annotations

Branches:
Dungeon (2/15)

Altars:

Shops:
D:2 [

Annotations:
D:2 Jessica


Message History

* * * LOW HITPOINT WARNING * * *
It was a potion of curing.
You feel better. The gnoll hits you with a +0 club.
It was a potion of invisibility.
You fade into invisibility!
The gnoll hits you with a +0 club.
* * * LOW HITPOINT WARNING * * *
Things that are here:
a +0 whip; a gnoll corpse The adder bites you.
* * * LOW HITPOINT WARNING * * *
You are poisoned.
The adder poisons you!
* * * LOW HITPOINT WARNING * * *
You feel sick.
* * * LOW HITPOINT WARNING * * *
You feel sick.
* * * LOW HITPOINT WARNING * * *
You feel sick. The adder barely misses you.
* * * LOW HITPOINT WARNING * * *
You feel sick.
You flicker for a moment.
* * * LOW HITPOINT WARNING * * *
You feel sick.
You are no longer poisoned.
The adder barely misses you.
You flicker back into view.
The adder bites you but does no damage. The adder bites you but does no damage.
You see here a rat corpse.
The adder bites you but does no damage.
Found a cloak and 14 gold pieces.
The adder bites you but does no damage.
Really walk into that dispersal trap?
You enter a dispersal trap!
The adder blinks!
The gnoll blinks! x2
The adder blinks!
You blink.
Jessica the Apprentice Sorceress comes into view.
She is wielding a +0 dagger.
Jessica shouts!
There is an open door here.
Jessica points at you and mumbles some strange words.
Pain shoots through your body!
You die...

....#
#............†....†....
..†.####
#.[........#.####.)....
.#.....#
##.........#......###'#
....##.#
#.........######## #..
...###.# #........## ###
##.# #.# #....S...#
##.###.### #....g...#
...#.....# #####'#######
.......#.#####..@......#
.###.#.......#...@.....#
.###.#..####.#.........#
..)..#.....#.#.........#
######.##.##.###'#######
# #.##......#.# #
#....#.##.#.### ######
######....#.##.....#
#..>.#######
..........#.####.#.#
#...........


You could see a gnoll, an adder and Jessica.

Vanquished Creatures
  2 gnolls (D:2)
  3 adders (D:2)
  2 worms (D:2)
  A dart slug (D:1)
  3 endoplasms (D:2)
  2 giant cockroaches (D:1)
  5 goblins
  2 hobgoblins
  4 jackals (D:1)
  2 quokkas (D:2)
  6 ball pythons
  5 bats
  6 frilled lizards
  4 kobolds
  4 rats
51 creatures vanquished.

Notes
Turn   | Place    | Note
-------+----------+-------------------------------------------
     0 | D:1      | gzilladon the Hill Orc Monk began the quest for the Orb.
     0 | D:1      | Reached XP level 1. HP: 19/19 MP: 1/1
   163 | D:1      | Reached XP level 2. HP: 23/26 MP: 2/2
   650 | D:1      | Reached XP level 3. HP: 17/33 MP: 3/3
   886 | D:1      | Reached skill level 5 in Axes
  1692 | D:2      | Reached XP level 4. HP: 11/41 MP: 4/4
  1946 | D:2      | Found Zekutaut's Antique Armour Boutique.
  2078 | D:2      | HP: 2/41 [poisoned by an adder]
  2100 | D:2      | Noticed Jessica
  2101 | D:2      | Killed from afar by Jessica

Illustrated notes

Levels and vault maps discovered:
D:1:      dpeg_arrival_leaves_temple_mockup, layout_loops_ring
D:2:      layout_basic, serial_shops, shop, uniq_jessica

Skill      XL: |  1  2  3 |
---------------+----------+-----
Axes           | 5 |  5.9
Fighting       | 4 |  4.5
Armour         | |  0.7
Dodging        | |  2.8
Stealth        | |  1.5

Action                   |  1- 3 |  4- 6 || total
-------------------------+-------+-------++-------
Melee: Hand axe          |   122 |    39 ||   161
       Punch             |     1 |     1 ||     2
  Use: Potion            |       |     2 ||     2
 Stab: Sleeping          |     1 |       ||     1
Armor: Robe              |    18 |       ||    18
       Scale mail        |    20 |    13 ||    33
Dodge: Dodged            |    77 |    18 ||    95
